 Dungeon Crawl Stone Soup version 0.24.0-37-gcf1ca852f1 (webtiles) character file.

Game seed: 1835214144920404639, levelgen mode: deterministic

202 Delamore the Chopper (level 5, -1/45 HPs)
             Began as a Hill Orc Fighter on Nov 27, 2019.
             Slain by an orc warrior
             ... wielding a +0 halberd
              (3 damage)
             ... on level 4 of the Dungeon.
             The game lasted 00:03:37 (1763 turns).

Delamore the Chopper (Hill Orc Fighter)             Turns: 1763, Time: 00:03:38

Health: -1/45      AC:  9    Str: 20    XL:     5   Next: 80%
Magic:  5/5        EV:  7    Int:  8    God:
Gold:   180        SH:  9    Dex: 10    Spells: 4/4 levels left

rFire    + . .     SeeInvis .   u - +2 hand axe (vamp)
rCold    . . .     Gourm    .   c - +0 shield
rNeg     . . .     Faith    .   b - +0 scale mail
rPois    .         Spirit   .   (no helmet)
rElec    .         Reflect  .   (no cloak)
rCorr    .         Harm     .   (no gloves)
MR       .....                  e - +1 pair of boots
Stlth    ..........             (no amulet)
HPRegen  0.15/turn              s - ring of protection from fire
MPRegen  0.09/turn              p - ring of attention (curse)

@: no status effects
A: no striking features
a: no special abilities


You were on level 4 of the Dungeon.
You were not hungry.

You visited 1 branch of the dungeon, and saw 4 of its levels.

You collected 180 gold pieces.

Inventory:

Hand Weapons
 a - a +0 war axe
 t - a +1 trident of flaming
 u - a +2 vampiric hand axe (weapon)
Missiles
 C - 2 javelins (quivered)
Armour
 b - a +0 scale mail (worn)
 c - a +0 shield (worn)
 e - a +1 pair of boots (worn)
Jewellery
 p - a cursed ring of attention (right hand)
 s - a ring of protection from fire (left hand)
 z - an uncursed ring of ice
Wands
 w - a wand of iceblast (6)
Scrolls
 h - a scroll of fog
 n - a scroll of noise {unknown}
 o - 2 scrolls of identify {unknown}
 v - a scroll of blinking {unknown}
 x - a scroll of fear {unknown}
 y - a scroll of enchant armour {unknown}
 B - 3 scrolls of remove curse {unknown}
Potions
 d - 2 potions of might
 i - a potion of magic {unknown}
 j - a potion of ambrosia {unknown}
 k - 3 potions of curing {unknown}
 l - a potion of lignification {unknown}
 m - a potion of mutation {unknown}
 q - a potion of berserk rage {unknown}
 r - a potion of invisibility {unknown}
 A - a potion of agility {unknown}
Comestibles
 f - 5 rations


   Skills:
 - Level 3.6 Fighting
 + Level 7.7 Axes
 - Level 3.2 Armour
 - Level 3.2 Shields


You had 4 spell levels left.
You didn't know any spells.
Your spell library was empty.

Dungeon Overview and Level Annotations

Branches:
Dungeon (4/15)
 Temple: D:4-7

Altars:


Message History

Your shield prevents you from hitting the orc warrior.
The orc warrior is lightly wounded.
The orc warrior hits you but does no damage.
You hit the orc warrior.
The orc warrior is moderately wounded.
You closely miss the orc warrior.
The orc warrior is moderately wounded.
The orc warrior hits you with a +0 halberd.
You hit the orc warrior but do no damage.
The orc warrior is moderately wounded.
The orc warrior hits you with a +0 halberd.
You barely miss the orc warrior.
The orc warrior is moderately wounded.
You block the orc warrior's attack.
You hit the orc warrior but do no damage.
The orc warrior is moderately wounded.
The orc warrior hits you with a +0 halberd!
* * * LOW HITPOINT WARNING * * *
The orc warrior hits you from afar with a +0 halberd.
You die...

#########
#.......#
##.......#######
...............#
.......รท.......#
........>..@...+
...............#
.#...........o##
...........(..#
#.............#
#.......#####.#
#.......#####.##
........##.....#
........##o#####


You could see an orc warrior.

Vanquished Creatures
  A hound (D:3)
  An orc wizard (D:3)
  7 adders
  An ooze (D:1)
  2 dart slugs
  6 orcs
  5 giant cockroaches
  8 goblins
  10 hobgoblins
  2 quokkas
  3 ball pythons
  11 bats
  5 frilled lizards
  6 kobolds
  A leopard gecko skeleton (D:4)
  11 rats
80 creatures vanquished.

Notes
Turn   | Place    | Note
-------+----------+-------------------------------------------
     0 | D:1      | Delamore the Hill Orc Fighter began the quest for the Orb.
     0 | D:1      | Reached XP level 1. HP: 19/19 MP: 1/1
    16 | D:1      | Reached skill level 3 in Axes
    17 | D:1      | Reached XP level 2. HP: 22/26 MP: 2/2
    54 | D:1      | Reached skill level 4 in Axes
   200 | D:1      | Reached XP level 3. HP: 31/31 MP: 3/3
   525 | D:2      | Reached skill level 5 in Axes
   814 | D:2      | Reached XP level 4. HP: 39/39 MP: 4/4
   867 | D:2      | You fall into a shaft and drop 1 floor!
   909 | D:3      | Reached skill level 6 in Axes
  1025 | D:3      | Reached XP level 5. HP: 44/45 MP: 5/5
  1210 | D:3      | Reached skill level 7 in Axes
  1613 | D:4      | Noticed an orc warrior
  1762 | D:4      | HP: 2/45 [orc warrior/+0 halberd (16)]
  1763 | D:4      | Slain by an orc warrior

Levels and vault maps discovered:
D:1:      mrwooster_arrival_statue_2, layout_rooms,
          minmay_misc_feat_four_crosses
D:2:      layout_rooms
D:3:      minmay_chambers_of_threes, layout_basic, kennysheep_generic_room_13
D:4:      kennysheep_big_flooded_room, layout_basic, first_ration, uniq_duvessa

Skill      XL: |  1  2  3  4  5 |
---------------+----------------+-----
Axes           | 3 4 5 6 7 |  7.7
Fighting       | |  3.6
Armour         | |  3.2
Shields        | |  3.2

Action                   |  1- 3 |  4- 6 || total
-------------------------+-------+-------++-------
Melee: War axe           |   104 |    38 ||   142
       Hand axe          |       |   122 ||   122
Evoke: Wand              |       |     1 ||     1
  Use: Scroll            |       |     1 ||     1
  Eat: Chunk             |       |     3 ||     3
Armor: Scale mail        |    60 |    64 ||   124
Dodge: Dodged            |    33 |    48 ||    81
Block: Shield            |    62 |    73 ||   135
